Map: Pendiente de Agustín EE

Players

MrFercho

  • Race: Terran Terran
  • League: Silver
  • Spawn Location: 12:00

TATORREA

  • Race: Protoss Protoss
  • League: Silver
  • Spawn Location: 11:00

tigro

  • Race: Terran Terran
  • League: Bronze
  • Spawn Location: 12:00

Syndesios - Winner!

  • Race: Protoss Protoss
  • League: Platinum
  • Spawn Location: 6:00

SirAllen - Winner!

  • Race: Terran Terran
  • League: Platinum
  • Spawn Location: 6:00

ScottyFishin - Winner!

  • Race: Terran Terran
  • League: Silver
  • Spawn Location: 5:00

VOD

Have the link to the VOD?

Description

Time

  • Played on: June 1, 2020, 10:30 p.m.
  • Length: 7:23
Show
View Real Time Build Order
Export as new Build Order

MrFercho Terran 

Build Orders:  

Get SALT Encoding   

  12  0:02  SCV  
  13  0:14  SCV  
  14  0:44  Command Center  
  14  0:47  SCV  
  15  0:58  Supply Depot  
  15  1:13  Refinery x2  
  15  1:20  SCV  
  16  1:28  Barracks  
  16  2:09  Engineering Bay  
  16  2:16  Orbital Command x2  
  16  2:22  Barracks Reactor  
  16  2:38  Supply Depot  
  16  2:44  SCV  
  16  2:47  SCV  
  18  2:56  SCV  
  19  2:59  SCV  
  19  3:01  Supply Depot  
  20  3:08  SCV  
  20  3:12  SCV  
  22  3:21  SCV  
  22  3:25  Orbital Command  
  23  3:36  SCV  
  24  3:44  Marine x2  
  26  3:49  SCV  
  26  3:54  Factory  
  27  4:01  SCV  
  27  4:02  Marine x2  
  30  4:13  SCV  
  31  4:20  Marine x2  
  33  4:25  SCV  
  34  4:38  Marine x2  
Show
View Real Time Build Order
Export as new Build Order

TATORREA Protoss 

Build Orders:  

Get SALT Encoding   

  12  0:02  Probe  
  13  0:16  Probe  
  14  0:29  Probe  
  14  0:32  Pylon  
  15  0:50  Probe  
  16  1:02  Probe  
  17  1:07  Gateway  
  17  1:08  Gateway  
  17  1:15  Probe  
  18  1:20  Assimilator  
  18  1:27  Pylon  
  18  1:54  Gateway  
  18  2:01  Gateway  
  18  2:02  Probe  
  19  2:45  Cybernetics Core  
  19  2:47  Nexus  
  19  2:52  Probe  
  19  2:57  Assimilator  
  19  3:04  Probe  
  20  3:17  Probe  
  21  3:29  Probe  
  22  3:44  Probe  
  23  3:59  Pylon  
  22  4:02  Pylon  
  22  4:08  Pylon  
Show
View Real Time Build Order
Export as new Build Order

tigro Terran 

Build Orders:  

Get SALT Encoding   

  12  0:03  SCV  
  13  0:15  SCV  
  14  0:23  Supply Depot  
  14  0:27  SCV  
  15  0:31  Refinery  
  15  0:45  SCV  
  16  0:53  Barracks  
  16  0:57  SCV  
  17  1:04  Refinery  
  17  1:09  SCV  
  18  1:21  SCV  
  19  1:30  Supply Depot  
  19  1:33  SCV  
  20  1:44  Marine  
  21  1:58  Barracks  
  21  2:02  Marine  
  21  2:04  SCV  
  23  2:16  SCV  
  23  2:20  Marine  
  25  2:25  Engineering Bay  
  25  2:28  SCV  
  26  2:38  Marine  
  26  2:40  SCV  
  28  2:50  Barracks Tech Lab  
  28  2:55  Marine  
  29  3:05  Command Center  
  29  3:09  Orbital Command  
  29  3:17  Combat Shield  
  29  3:20  Barracks Tech Lab  
  29  3:41  Stimpack  
  29  3:54  Factory  
  29  4:05  Marauder  
  29  4:07  Marauder  
  33  4:26  Marauder  
  33  4:28  Marauder  
  37  4:36  Concussive Shells  
  32  4:59  Marine x2  
  34  5:03  Factory Tech Lab  
  34  5:12  Starport  
  34  5:17  Marine x2  
  32  5:35  Marine x2  
  34  5:40  Planetary Fortress  
  34  5:52  Marine  
  34  5:53  Medivac, Marine  
  38  5:58  Missile Turret  
  34  6:10  Marine x2  
  30  6:24  Siege Tank  
  33  6:28  Marine x2  
  31  6:46  Marine x2  
  13  7:04  Marine x2  
Show
View Real Time Build Order
Export as new Build Order

Syndesios Protoss - Winner!

Build Orders:  

Get SALT Encoding   

  12  0:01  Probe  
  13  0:13  Pylon  
  13  0:23  Probe  
  14  0:32  Gateway  
  14  0:38  Assimilator  
  14  0:43  Probe  
  15  0:56  Probe  
  16  1:08  Probe  
  17  1:19  Cybernetics Core  
  17  1:20  Probe  
  17  1:23  Assimilator  
  18  1:32  Probe  
  19  1:39  Pylon  
  19  1:46  Probe  
  19  2:07  Warp Gate (Chrono Boost)  
  19  2:20  Adept, Robotics Facility  
  19  2:27  Gateway  
  21  2:44  Nexus  
  21  2:49  Adept  
  23  3:12  Immortal  
  27  3:22  Pylon  
  25  4:40  Immortal  
  29  5:00  Adept x2  
  29  5:03  Probe (Chrono Boost)  
  34  5:13  Probe (Chrono Boost)  
  35  5:18  Probe (Chrono Boost)  
  34  5:22  Immortal (Chrono Boost)  
  38  5:30  Probe  
  39  5:42  Probe  
  40  5:44  Twilight Council  
  40  5:47  Gateway  
  40  5:55  Nexus  
  40  5:58  Pylon  
  40  6:15  Immortal  
  44  7:21  Zealot x2  
  44  7:22  Zealot  
Show
View Real Time Build Order
Export as new Build Order

SirAllen Terran - Winner!

Build Orders:  

Get SALT Encoding   

  12  0:01  SCV  
  13  0:13  SCV  
  14  0:18  Supply Depot  
  14  0:25  SCV  
  15  0:31  Supply Depot  
  15  0:39  SCV  
  15  0:41  Refinery  
  16  0:53  SCV  
  17  0:57  Barracks  
  17  1:04  Refinery  
  17  1:08  SCV  
  18  1:21  SCV  
  19  1:33  SCV  
  20  1:47  Factory  
  20  1:57  Orbital Command  
  20  1:58  Marine  
  21  2:02  Supply Depot  
  21  2:17  Marine  
  22  2:23  SCV  
  23  2:35  Starport  
  23  2:37  Marine, Factory Tech Lab  
  23  2:38  SCV  
  25  2:45  Supply Depot  
  25  2:55  SCV  
  25  2:56  Marine  
  25  2:57  Siege Tank  
  30  3:07  SCV  
  30  3:12  Medivac  
  33  3:25  SCV  
  34  3:27  Barracks Reactor  
  34  3:28  Supply Depot  
  34  3:40  Siege Tank  
  37  3:42  Medivac  
  39  3:59  SCV  
  40  4:06  Barracks  
  40  4:08  Marine  
  40  4:09  Supply Depot, Marine  
  42  4:11  SCV  
  43  4:26  Marine x2  
  45  4:34  Engineering Bay  
  45  5:10  Marine x2, Siege Tank  
  45  5:11  Barracks Tech Lab  
  50  5:28  Marine x2  
Show
View Real Time Build Order
Export as new Build Order

ScottyFishin Terran - Winner!

Build Orders:  

Get SALT Encoding   

  12  0:01  SCV  
  13  0:17  Supply Depot  
  13  0:20  SCV  
  14  0:41  Barracks  
  14  0:51  Supply Depot  
  14  1:02  SCV, Refinery  
  15  1:15  SCV  
  16  1:38  Orbital Command  
  16  1:44  Marine, Refinery  
  17  2:06  Barracks Reactor  
  17  2:27  SCV  
  18  2:39  SCV  
  19  2:46  Factory  
  19  2:47  Marine x2  
  19  2:51  SCV  
  22  2:54  Supply Depot  
  22  3:03  SCV  
  22  3:04  Marine  
  24  3:15  Engineering Bay, SCV  
  24  3:18  Supply Depot  
  25  3:34  Barracks  
  25  3:35  Factory Tech Lab  
  25  3:36  Starport  
  25  3:47  Marine x2  
  27  4:01  Siege Tank  
  30  4:03  Terran Infantry Weapons Level 1  
  30  4:05  Marine x2  
  32  4:14  Medivac  
  34  4:20  Armory  
  34  4:23  Barracks Tech Lab  
  34  4:39  Command Center  
  34  5:13  Starport Reactor  
  34  5:20  Starport  
  34  5:26  Factory  
Tags
 
Add a new tag
Caveats
  • Supply blocks, unpowered buildings, or Contaminate may cause inaccurate times.
  • Supply counts are checked every 10 seconds.